 Dungeon Crawl Stone Soup version 0.31-a0-819-gf6de2f5ab6 (webtiles) character file.

Game seed: 3344798947953980919

1612 Dirtsage the Ruffian (level 8, -3/63 HPs)
             Began as a Demonspawn Shapeshifter on Sept 23, 2023.
             Slain by an orc warrior
             ... wielding a +0 flail
              (7 damage)
             ... on level 5 of the Dungeon.
             The game lasted 00:07:02 (4741 turns).

Dirtsage the Ruffian (Demonspawn Shapeshifter)      Turns: 4741, Time: 00:07:03

Health: -3/63      AC: 10    Str: 23    XL:     8   Next: 63%
Magic:  0/8        EV:  9    Int: 11    God:
Gold:   194        SH:  0    Dex: 19    Spells: 7/7 levels left

rFire   . .          .
                       - Unarmed
rCold   . . .        (no shield)
rNeg    . . .        k - +0 chain mail
rPois   .            (helmet currently unavailable)
rElec   .            (cloak currently unavailable)
rCorr   .            (gloves currently unavailable)
SInv    .            (boots currently unavailable)
Will    .....        (no amulet) Stlth
                     q - +6 ring of strength
HPRegen 0.30/turn    r - +6 ring of dexterity
MPRegen 0.22/turn

%: guardian spirit
@: beast-form, slowed, studying Throwing, very slow
A: beast (slay +3), claws 1, thin metallic scales 1, magic shield, magic
regeneration, condensation shield
a: Begin Untransformation


You were on level 5 of the Dungeon.
You were a hulking beast.
You visited 2 branches of the dungeon, and saw 7 of its levels.
You also visited: Sewer.

You collected 194 gold pieces.

Inventory:

Missiles
 u - 3 curare-tipped darts
Armour
 g - a +0 pair of boots
 k - a +0 chain mail (worn)
 z - a +0 cloak
Jewellery
 q - a +6 ring of strength (left claw)
 r - a +6 ring of dexterity (right claw)
Talismans
 c - a beast talisman (active)
 d - a flux talisman
 j - a flux talisman
Scrolls
 a - a scroll of enchant weapon {unknown}
 e - 4 scrolls of identify {unknown}
 h - 2 scrolls of fear {unknown}
 l - a scroll of blinking {unknown}
 n - a scroll of revelation {unknown}
 s - a scroll of teleportation {unknown}
 t - a scroll of acquirement {unknown}
 v - a scroll of brand weapon {unknown}
 x - a scroll of enchant armour {unknown}
 y - a scroll of summoning {unknown}
Potions
 b - 3 potions of lignification
 f - 2 potions of heal wounds {unknown}
 i - a potion of resistance {unknown}
 m - 2 potions of invisibility {unknown}
 o - 2 potions of brilliance {unknown}
 p - 2 potions of berserk rage {unknown}
 w - a potion of cancellation {unknown}
 A - a potion of might {unknown}


   Skills:
 + Level 5.4 Fighting
 - Level 1.7 Dodging
 * Level 7.6 Unarmed Combat
 + Level 5.3 Shapeshifting


You had 7 spell levels left.
You didn't know any spells.
Your spell library contained the following spells:

 Spells                   Type           Power      Damage    Failure   Level
 Wereblood                Tmut           0%         N/A       98%         2
 Animate Dead             Necr           0%         N/A       100%        4
 Irradiate                Conj/Tmut      0%         3d11      100%        5
 Haunt                    Necr/Summ      0%         N/A       100%        7
 Infestation              Necr           0%         N/A       100%        8


Dungeon Overview and Level Annotations

Branches:
Dungeon (6/15)             Temple (1/1) D:4           Sewer (visited)

Altars:
Ashenzari
Cheibriados
Dithmenos
Gozag
Hepliaklqana
Kikubaaqudgha
Nemelex Xobeh
Okawaru
Ru
Sif Muna
Trog
Uskayaw
Vehumet
Wu Jian
Xom

Annotations:
D:5 3 runed translucent doors, Tungsten's ghost, amateur MeVM


Innate Abilities, Weirdness & Mutations

You are a hulking beast.
Your limbs bulge with bestial killing power. (Slay +3)
You have sharp fingernails.
You are partially covered in thin metallic scales. (AC +2)
When hurt, damage is shared between your health and your magic reserves.
You regenerate magic rapidly.
A meltable shield of frost defends you. (SH +0)


Message History

The orc warrior hits you with a +0 flail.
Something hits you but does no damage.
The orc warrior hits you but does no damage.
The wraith hits you.
You take 6 damage, and have 22/63 hp.
You now have 3/8 mp.
You scratch the wraith. You claw the wraith.
The wraith is moderately damaged.
Something hits you but does no damage. The wraith hits you.
The wraith drains your vigour!
You feel as though you will be slow longer.
The orc warrior barely misses you. Something hits you but does no damage.
You closely miss the orc warrior.
The orc warrior is heavily wounded.
The wraith hits you but does no damage.
The orc warrior hits you with a +0 flail!
* * * LOW HITPOINT WARNING * * *
Something hits you but does no damage.
You take 9 damage, and have 13/63 hp.
You now have 2/8 mp.
You scratch the orc warrior.
The orc warrior is heavily wounded.
The wraith hits you.
* * * LOW HITPOINT WARNING * * *
The wraith drains your vigour!
You feel as though you will be slow longer.
The orc warrior hits you with a +0 flail.
* * * LOW HITPOINT WARNING * * *
Something hits you.
* * * LOW HITPOINT WARNING * * *
You take 6 damage, and have 7/63 hp.
You now have 1/8 mp.
You claw the wraith!
The wraith is severely damaged.
The wraith barely misses you. The orc warrior barely misses you.
Something hits you but does no damage.
You claw the wraith! You claw the wraith.
You destroy the wraith!
The orc warrior hits you with a +0 flail.
* * * LOW HITPOINT WARNING * * *
Something hits you but does no damage.
The orc warrior hits you with a +0 flail!
You die...

#..#.#..#...##.#.#.####..#.#.#
#.#...#.#...##.#.#.# #..#.#.##
#..#.#.S#...##...#.####.......#
#...?!..#....#####'#..........###
#.......#....# #...####.........#
#########...## #...# #..........
...........## #..## #.#.......#
...........# #†o# #.###...###
#.#...##...#####h.#####.# #...#
.[....###......{........# #####
#.#.#.###.........#####.#
............####.######.#
##...........# #........#
######......# ########## ######.#
#.# #############
#.########............


You could see an orc warrior.

Vanquished Creatures
  Grinder (D:3)
  Sigmund (D:3)
  A wraith (D:5)
  An orc warrior (D:5)
  Pargi (Sewer)
  An ice beast (D:5)
  A sky beast (D:5)
  An ogre (D:5)
  A centaur (D:5)
  Blork the orc (D:5)
  A bullfrog (D:5)
  A scorpion (D:5)
  A howler monkey (D:5)
  An orc priest (D:5)
  Crazy Yiuf (D:4)
  2 hounds (D:5)
  2 sleepcaps (D:5)
  Natasha (thrice) (D:4)
  4 iguanas (D:5)
  An orc wizard (D:5)
  5 adders
  2 river rats (D:4)
  3 worms
  A dart slug (D:3)
  8 orcs
  7 endoplasms
  2 giant cockroaches
  5 goblins
  3 hobgoblins
  8 jackals
  A quokka (D:1)
  5 ball pythons
  4 bats
  6 frilled lizards
  3 kobolds
  8 rats
98 creatures vanquished.

Notes
Turn   | Place    | Note
-------+----------+-------------------------------------------
     0 | D:1      | Dirtsage the Demonspawn Shapeshifter began the quest for
                  | the Orb.
     0 | D:1      | Reached XP level 1. HP: 15/15 MP: 1/1
   314 | D:1      | Reached skill level 3 in Unarmed Combat
   314 | D:1      | Gained mutation: You have sharp fingernails. [demonic
                  | ancestry]
   314 | D:1      | Reached XP level 2. HP: 20/21 MP: 2/2
   567 | D:1      | Found a faded altar of an unknown god.
   986 | D:2      | Gained mutation: You regenerate magic rapidly. [demonic
                  | ancestry]
   986 | D:2      | Reached XP level 3. HP: 26/26 MP: 3/3
  1430 | D:3      | Noticed Sigmund
  1550 | D:3      | Killed Sigmund
  1551 | D:3      | Reached skill level 4 in Unarmed Combat
  1551 | D:3      | Reached XP level 4. HP: 33/34 MP: 4/4
  1551 | D:3      | Gained mutation: A meltable shield of frost defends you.
                  | (SH +0) [demonic ancestry]
  1551 | D:3      | Reached XP level 5. HP: 38/40 MP: 5/5
  1650 | D:3      | Noticed Grinder
  1651 | D:3      | Paralysed by Grinder for 2 turns
  1665 | D:3      | Killed Grinder
  1666 | D:3      | Reached skill level 5 in Unarmed Combat
  1666 | D:3      | Reached XP level 6. HP: 36/47 MP: 6/6
  2001 | D:4      | Noticed Natasha
  2007 | D:4      | Killed Natasha
  2048 | D:4      | Found a staircase to the Ecumenical Temple.
  2056 | Temple   | Entered the Ecumenical Temple
  2072 | D:4      | Identified the +1 robe of the Accordion {rElec Str-4 Int+3}
  2190 | D:4      | Noticed Natasha
  2196 | D:4      | Killed Natasha
  2203 | D:4      | Found a runed translucent door.
  2204 | D:4      | Noticed Crazy Yiuf
  2275 | D:4      | Noticed Natasha
  2280 | D:4      | Killed Natasha
  2547 | D:4      | Gained mutation: You are partially covered in thin metallic
                  | scales. (AC +2) [demonic ancestry]
  2547 | D:4      | Reached XP level 7. HP: 45/52 MP: 7/7
  2563 | D:4      | Found a glowing drain.
  2577 | Sewer    | Entered a sewer
  2674 | Sewer    | Noticed Pargi
  2690 | Sewer    | Killed Pargi
  2875 | D:4      | Found a shimmering blue altar of Sif Muna.
  3132 | D:4      | Killed Crazy Yiuf
  3297 | D:5      | Entered Level 5 of the Dungeon
  3383 | D:5      | Reached skill level 6 in Unarmed Combat
  3438 | D:5      | Noticed Tungsten's ghost (amateur MeVM)
  3445 | D:5      | Found a runed translucent gate.
  3445 | D:5      | Found a runed translucent gate.
  3454 | D:5      | Found a runed translucent gate.
  3656 | D:5      | Gained mutation: When hurt, damage is shared between your
                  | health and your magic reserves. [demonic ancestry]
  3656 | D:5      | Reached XP level 8. HP: 34/61 MP: 8/8
  3956 | D:5      | Reached skill level 5 in Fighting
  3956 | D:5      | Reached skill level 7 in Unarmed Combat
  3956 | D:5      | Reached skill level 5 in Shapeshifting
  3992 | D:5      | Noticed Blork the orc
  3998 | D:5      | Killed Blork the orc
  4741 | D:5      | Slain by an orc warrior

Illustrated notes

Levels and vault maps discovered:
D:1:      minmay_arrival_three_doors, layout_basic,
          ebering_ecumenical_altar_webs
D:2:      layout_basic
D:3:      layout_basic, uniq_grinder, uniq_sigmund
D:4:      layout_loops_ring, lemuel_blue_sif_altar, temple_statues,
          portal_sewer_entry_e, uniq_crazy_yiuf_cottage, uniq_natasha
D:5:      layout_loops_ring, gammafunk_ghost_split, minmay_splitting_lines,
          roderic_serpentine_path, minmay_manual_monstrance, uniq_blork_the_orc
D:6:      layout_basic, mainiacjoe_overflow_alcove_1, elyvilon_altar_5,
          eino_tiny_chamber, nrook_campfire, grunt_ministairs_14
Temple:   nicolae_temple_slightly_damp_pantheon

Skill      XL: |  1  2  3  4  5  6  7  8 |
---------------+-------------------------+-----
Unarmed Combat | 3 4 5 6 7 |  7.6
Shapeshifting  | 3 4 5 |  5.3
Fighting       | 2 3 4 5 |  5.4
Dodging        | |  1.7

Action                     |  1- 3 |  4- 6 |  7- 9 || total
---------------------------+-------+-------+-------++-------
  Melee: Unarmed           |   110 |    71 |   150 ||   331
         Punch             |       |     2 |     8 ||    10
   Stab: Sleeping          |     1 |       |       ||     1
 Armour: Ring mail         |    42 |       |       ||    42
         Animal skin       |     7 |       |       ||     7
         Skin              |     1 |       |       ||     1
         Chain mail        |    22 |    44 |   145 ||   211
  Dodge: Dodged            |    55 |    21 |    49 ||   125
  Block: Other             |       |     7 |    25 ||    32

Table legend: (Time is in decaauts)
 A = Elapsed time spent in this place.
 B = Non-inter-level travel time spent in this place.
 C = Inter-level travel time spent in this place.
 D = Time resting spent in this place.
 E = Time spent auto-exploring this place.
 F = Levels seen in this place.
 G = Mean time per level.
                   A        B        C        D        E       F      G
               +--------+--------+--------+--------+--------+-----+--------+
         Total |   4759 |   4466 |    293 |      0 |   3516 |   8 |  594.9 |
       Dungeon |   4469 |   4176 |    293 |      0 |   3316 |   6 |  744.8 |
        Temple |      4 |      4 |      0 |      0 |      0 |   1 |    4.0 |
         Sewer |    285 |    285 |      0 |      0 |    199 |   1 |  285.0 |
               +--------+--------+--------+--------+--------+-----+--------+

Top non-repeatable levels by time:
     D:5: 1429 daAuts
     D:4: 1093 daAuts
     D:1: 834 daAuts
     D:3: 553 daAuts
     D:2: 552 daAuts
   Sewer: 285 daAuts
     D:6: 6 daAuts
  Temple: 4 daAuts
